 Dungeon Crawl Stone Soup version 0.21.1-1-g345015f (webtiles) character file.

658 Melicamp the Grappler (level 7, -3/66 HPs)
             Began as a Troll Monk on Mar 21, 2018.
             Killed from afar by Dowan (7 damage)
             ... with a puff of frost
             ... on level 4 of the Dungeon.
             The game lasted 00:09:27 (2616 turns).

Melicamp the Grappler (Troll Monk)                  Turns: 2616, Time: 00:09:30

Health: -3/66      AC:  5    Str: 22    XL:     7   Next: 30%
Magic:  6/6        EV: 10    Int:  6    God:
Gold:   216        SH:  0    Dex: 12    Spells: 6/6 levels left

rFire    . . .     SeeInvis .     - Unarmed
rCold    . . .     Gourm    +   (no shield)
rNeg     . . .     Faith    .   a - +0 robe
rPois    .         Spirit   .   (helmet restricted)
rElec    .         Reflect  .   (no cloak)
rCorr    .         Harm     .   (gloves unavailable)
MR       .....                  (boots unavailable)
Stlth    ++........             (no amulet)
HPRegen  0.61/turn              (no ring)
MPRegen  0.10/turn              (no ring)

@: no status effects
A: large, unfitting armour, claws 3, fast metabolism 3, gourmand, regeneration
1, shaggy fur 1, tough skin 2
a: no special abilities


You were on level 4 of the Dungeon.
You were completely stuffed.

You visited 1 branch of the dungeon, and saw 4 of its levels.

You collected 216 gold pieces.

Inventory:

Missiles
 i - 133 stones (quivered)
Armour
 a - a +0 robe (worn)
Jewellery
 c - an uncursed amulet of regeneration {unknown}
 d - an uncursed ring of positive energy {unknown}
 j - a +3 ring of evasion {unknown}
Scrolls
 e - a scroll of enchant armour {unknown}
 f - 6 scrolls of remove curse {unknown}
 g - a scroll of teleportation {unknown}
 l - a scroll of enchant weapon {unknown}
 m - 3 scrolls of identify {unknown}
 n - a scroll of fear {unknown}
 o - a scroll of magic mapping {unknown}
 p - a scroll of fog {unknown}
 q - a scroll of blinking {unknown}
Potions
 h - a potion of berserk rage {unknown}
 k - a potion of curing {unknown}
Comestibles
 b - 12 rations
 r - 16 chunks of flesh


   Skills:
 - Level 2.4 Fighting
 - Level 2.4 Dodging
 - Level 1.0 Stealth
 * Level 8.6 Unarmed Combat


You had 6 spell levels left.
You didn't know any spells.

Dungeon Overview and Level Annotations

Branches:
Dungeon (4/15)
 Temple: D:4-7

Altars:
Elyvilon
Gozag
Zin
The Shining One

Annotations:
D:4 Dowan, Duvessa


Innate Abilities, Weirdness & Mutations

You are too large for most types of armour.
You have claws for hands.
Your metabolism is lightning-fast.
You like to eat raw meat.
Your natural rate of healing is unusually fast.
You are covered in fur. (AC +1)
You have very tough skin. (AC +2)


Message History

You scratch Duvessa but do no damage.
Duvessa is heavily wounded.
Duvessa hits you but does no damage.
Duvessa hits you with a short sword of speed!
* * * LOW HITPOINT WARNING * * *
You barely miss Duvessa.
Duvessa is heavily wounded.
Duvessa closely misses you.
You barely miss Duvessa.
Duvessa is heavily wounded.
Duvessa hits you but does no damage.
Dowan gestures wildly while chanting.
Dowan blinks!
You scratch Duvessa.
Duvessa is heavily wounded.
Duvessa hits you with a short sword of speed.
* * * LOW HITPOINT WARNING * * *
Dowan casts a spell at you. The puff of frost hits you!
You die...

###.#### ........
..>..... .......
#..... .....
#..... .... #.....
.e# ####.. #.#####
#...
..#######.##..#
#...
....e..@e§....#
#...
..#########.#.##
#.#. ##.#..#
####... ..#.....#
#......
.........###(..)..
.<........(.......
..................
..........#.......
..................


You could see Duvessa and Dowan.

Vanquished Creatures
  The ghost of Redear the Covered, an amateur HOFi (D:3)
  3 ogres (D:4)
  Blork the orc (D:4)
  Crazy Yiuf (D:2)
  A hound (D:4)
  6 adders
  An ooze (D:3)
  2 worms
  3 leopard geckos
  5 orcs
  A ball python (D:3)
  3 bats
  2 giant cockroaches
  5 goblins
  8 hobgoblins
  10 jackals
  A quokka (D:2)
  3 frilled lizards
  10 kobolds
  6 rats
73 creatures vanquished.

Notes
Turn   | Place    | Note
-------+----------+-------------------------------------------
     0 | D:1      | Melicamp the Troll Monk began the quest for the Orb.
     0 | D:1      | Reached XP level 1. HP: 22/22 MP: 0/0
   570 | D:1      | Reached XP level 2. HP: 29/29 MP: 1/1
   809 | D:2      | Reached skill level 4 in Unarmed Combat
   811 | D:2      | Reached XP level 3. HP: 36/36 MP: 2/2
   967 | D:2      | Found a runed door.
  1046 | D:2      | Noticed Crazy Yiuf
  1050 | D:2      | Killed Crazy Yiuf
  1050 | D:2      | Reached skill level 5 in Unarmed Combat
  1050 | D:2      | Reached XP level 4. HP: 44/44 MP: 3/3
  1439 | D:2      | Found a glowing golden altar of the Shining One.
  1439 | D:2      | Found a white marble altar of Elyvilon.
  1440 | D:2      | Found a glowing silver altar of Zin.
  1614 | D:3      | Found an opulent altar of Gozag.
  1734 | D:3      | Noticed Redear's ghost (amateur HOFi)
  1740 | D:3      | Killed Redear's ghost
  1740 | D:3      | Reached skill level 6 in Unarmed Combat
  1740 | D:3      | Reached XP level 5. HP: 50/50 MP: 4/4
  1988 | D:3      | Reached XP level 6. HP: 59/59 MP: 5/5
  2410 | D:4      | Reached skill level 7 in Unarmed Combat
  2450 | D:4      | Noticed Blork the orc
  2460 | D:4      | Killed Blork the orc
  2494 | D:4      | Reached skill level 8 in Unarmed Combat
  2494 | D:4      | Reached XP level 7. HP: 56/66 MP: 6/6
  2598 | D:4      | Noticed Dowan
  2599 | D:4      | Noticed Duvessa
  2616 | D:4      | Killed from afar by Dowan

Skill      XL: |  1  2  3  4  5  6 |
---------------+-------------------+-----
Unarmed Combat | 4 5 6 8 |  8.6
Fighting       | |  2.4
Dodging        | |  2.4
Stealth        | |  1.0

Action                   |  1- 3 |  4- 6 |  7- 9 || total
-------------------------+-------+-------+-------++-------
Melee: Unarmed           |    51 |   103 |    23 ||   177
       Punch             |       |     2 |     1 ||     3
Throw: Stone             |       |     6 |       ||     6
 Stab: Sleeping          |       |     2 |       ||     2
  Eat: Chunk             |    14 |    14 |     1 ||    29
Armor: Robe              |     8 |    25 |     4 ||    37
Dodge: Dodged            |    14 |    47 |     9 ||    70
